 Dungeon Crawl Stone Soup version 0.17.1-3-g152610e (webtiles) character file.

163 magipi the Sneak (level 5, -3/24 HPs)
             Began as a Spriggan Enchanter on Apr 17, 2016.
             Slain by an ogre
             ... wielding a +0 giant club
              (27 damage)
             ... on level 4 of the Dungeon.
             The game lasted 00:17:04 (2071 turns).

magipi the Sneak (Spriggan Enchanter)               Turns: 2071, Time: 00:17:05

Health: -3/24      AC:  4    Str:  5    XL:     5   Next: 20%
Magic:  1/10       EV: 23    Int: 17    God:
Gold:   129        SH:  0    Dex: 16    Spells: 3 memorised, 3 levels left

rFire  . . .     SeeInvis +     a - +2 dagger
rCold  . . .     Clarity  .     b - +1 robe
rNeg   + . .     SustAt   .     (shield restricted)
rPois  .         Gourm    .     g - +1 hat
rElec  .         Spirit   .     (no cloak)
rCorr  .         Warding  .     (gloves unavailable)
rMut   .         Stasis   .     (boots unavailable)
MR     .....                    (no amulet)
Stlth  +++.......               n - ring of positive energy
                                o - +5 ring of evasion

@: very slightly contaminated, very quick, not resistant to hostile
enchantments, fairly stealthy
A: unfitting armour, see invisible, herbivore 3, speed 3, slow metabolism 2
a: no special abilities


You were on level 4 of the Dungeon.
You were hungry.

You visited 1 branch of the dungeon, and saw 4 of its levels.

You collected 129 gold pieces.

Inventory:

Hand Weapons
 a - a +2 dagger (weapon)
Armour
 b - a +1 robe (worn)
 g - a +1 hat (worn)
Jewellery
 k - an uncursed amulet of guardian spirit
 n - a ring of positive energy (right hand)
 o - a +5 ring of evasion (left hand)
Scrolls
 f - a scroll of identify
Potions
 e - a potion of curing
 m - a potion of ambrosia
 p - 2 potions of heal wounds
Books
 c - a book of Maledictions

   Spells                             Type                      Level
   a - Corona                         Hexes                        1
   b - Ensorcelled Hibernation        Hexes/Ice                    2
   c - Confuse                        Hexes                        3
   d - Tukima's Dance                 Hexes                        3
   e - Dazzling Spray                 Conjuration/Hexes            3
Comestibles
 d - a bread ration


   Skills:
 + Level 3.3 Short Blades
 - Level 3.0 Dodging
 - Level 5.0 Stealth
 - Level 2.6 Spellcasting
 + Level 5.0 Hexes
 + Level 1.7 Ice Magic


You had 3 spell levels left.
You knew the following spells:

 Your Spells              Type           Power        Failure   Level  Hunger
a - Corona                Hex            ###....      2%          1    #......
b - Ensorcelled Hibernat  Hex/Ice        ##....       10%         2    ##.....
c - Confuse               Hex            ###.....     10%         3    ###....


Dungeon Overview and Level Annotations

Branches:
Dungeon (4/15)
 Temple: D:4-7

Altars:


Innate Abilities, Weirdness & Mutations

You are tiny and cannot use many weapons and most armour.
You have supernaturally acute eyesight.
You are a herbivore.
You cover ground extremely quickly.
You need consume almost no food.


Message History

An orc comes into view. It is wielding a short sword.
The orc shouts!
The orc moves out of view.
Unknown command.
Casting: Ensorcelled Hibernation
Confirm with . or Enter, or press ? or * to list all spells.
Aiming: Ensorcelled Hibernation
Press: ? - help, Shift-Dir - straight line, f - orc
Aim: an orc, wielding a short sword and wearing a ring mail (chance to defeat MR: 80%)
The orc looks drowsy...
The orc shouts!
Unknown command.
The helpless orc fails to defend itself.
You impale the orc!!
You kill the orc!
Unknown command.
Things that are here:
a short sword; a ring mail An orc priest comes into view.
It is wielding a flail.
There is a stone staircase leading up here.
Casting: Ensorcelled Hibernation
Confirm with . or Enter, or press ? or * to list all spells.
Aiming: Ensorcelled Hibernation
Press: ? - help, Shift-Dir - straight line, f - orc
Aim: an orc, wielding a short sword and wearing a leather armour (chance to defeat MR: 80%)
The orc looks drowsy...
The helpless orc fails to defend itself.
You impale the orc!!
You kill the orc!
You have reached level 5!
You feel clever.
You climb upwards.
There is a stone staircase leading down here.
There is a stone staircase leading down here.
There is a stone staircase leading down here.
You climb downwards.
An ogre comes into view. It is wielding a giant club.
The ogre shouts!
The ogre moves out of view.
Found 4 javelins and a spear.
A worker ant comes into view.
There is a stone staircase leading up here.
The worker ant twitches its antennae in your direction.
Found 23 bolts.
Unknown command.
Casting: Ensorcelled Hibernation
Confirm with . or Enter, or press ? or * to list all spells.
Aiming: Ensorcelled Hibernation
Press: ? - help, Shift-Dir - straight line, f - worker ant
Aim: a worker ant (chance to defeat MR: 52%)
The worker ant resists with significant effort.
The worker ant barely misses you.
Unknown command.
Casting: Ensorcelled Hibernation
Confirm with . or Enter, or press ? or * to list all spells.
Aiming: Ensorcelled Hibernation
Press: ? - help, Shift-Dir - straight line, f/p - worker ant
Aim: a worker ant (chance to defeat MR: 52%)
You miscast Ensorcelled Hibernation.
You are very lightly contaminated with residual magic.
A chill runs through your body. The worker ant completely misses you.
Casting: Ensorcelled Hibernation
Confirm with . or Enter, or press ? or * to list all spells.
Aiming: Ensorcelled Hibernation
Press: ? - help, Shift-Dir - straight line, f/p - worker ant
Aim: a worker ant (chance to defeat MR: 52%)
The worker ant looks drowsy...
The helpless worker ant fails to defend itself.
You impale the worker ant!!
You kill the worker ant!
Your Hexes skill increases to level 5!
There is a stone staircase leading up here.
A giant gecko comes into view.
You see here 4 javelins.
Casting: Ensorcelled Hibernation
Confirm with . or Enter, or press ? or * to list all spells.
Aiming: Ensorcelled Hibernation
Press: ? - help, Shift-Dir - straight line, f - ogre
Aim: an ogre, wielding a giant club (chance to defeat MR: 44%)
The ogre resists with some effort.
The ogre misses you.
Unknown command.
Casting: Ensorcelled Hibernation
Confirm with . or Enter, or press ? or * to list all spells.
Aiming: Ensorcelled Hibernation
Press: ? - help, Shift-Dir - straight line, f/p - ogre
Aim: an ogre, wielding a giant club (chance to defeat MR: 44%)
The ogre resists with some effort.
You are feeling hungry.
Unknown command.
A worm comes into view.
Found 17 sling bullets.
You see here a spear.
Read which item? (? for menu, Esc to quit)
Okay, then.
The helpless worm fails to defend itself.
You impale the worm!!
You kill the worm!
The ogre hits you with a giant club!!
Ouch! That really hurt!
You die...

.###### ....<.###
##########
##†##(..###........#
#.. ###...#.....O.##
... ###.).....@##
... ###.....(# ...
######## ... ...


You could see an ogre.

Vanquished Creatures
  Ijyb (D:3)
  A worker ant (D:4)
  6 adders
  An ooze (D:3)
  2 worms
  3 giant geckos
  2 orcs (D:4)
  5 goblins
  5 hobgoblins
  4 jackals (D:3)
  6 bats
  A giant cockroach (D:3)
  A giant newt (D:2)
  9 kobolds
  A quokka (D:2)
  3 rats
51 creatures vanquished.

Notes
Turn   | Place    | Note
--------------------------------------------------------------
     0 | D:1      | magipi the Spriggan Enchanter began the quest for the Orb.
     0 | D:1      | Reached XP level 1. HP: 9/9 MP: 5/5
   315 | D:1      | Reached XP level 2. HP: 13/13 MP: 6/6
   321 | D:1      | Learned a level 2 spell: Ensorcelled Hibernation
   723 | D:2      | Reached skill level 5 in Stealth
   723 | D:2      | Reached XP level 3. HP: 14/16 MP: 5/8
   728 | D:2      | Learned a level 3 spell: Confuse
   824 | D:2      | Reached skill level 1 in Ice Magic
  1172 | D:3      | Noticed Ijyb
  1182 | D:3      | Killed Ijyb
  1182 | D:3      | Reached XP level 4. HP: 18/21 MP: 6/9
  2005 | D:4      | Reached XP level 5. HP: 24/24 MP: 6/10
  2039 | D:4      | Noticed an ogre
  2046 | D:4      | Reached skill level 5 in Hexes
  2071 | D:4      | Slain by an ogre

Action                   |  1- 3 |  4- 6 || total
-------------------------+-------+-------++-------
Melee: Dagger            |    70 |    40 ||   110
 Cast: Ensorcelled Hiber |    12 |    16 ||    28
  Use: Scroll            |       |     7 ||     7
 Stab: Sleeping          |    15 |    18 ||    33
       Distracted        |       |     1 ||     1

Action                   |  1- 3 |  4- 6 || total
-------------------------+-------+-------++-------
Melee: Dagger            |    70 |    40 ||   110
 Cast: Ensorcelled Hiber |    12 |    16 ||    28
  Use: Scroll            |       |     7 ||     7
 Stab: Sleeping          |    15 |    18 ||    33
       Distracted        |       |     1 ||     1
